 Dungeon Crawl Stone Soup version 0.29-a0-520-gc852659d43 (webtiles) character file.

Game seed: 5530887494323846617

32 Nedwor the Covered (level 3, 0/33 HPs)
             Began as a Minotaur Fighter on May 31, 2022.
             Slain by Robin
             ... wielding a +0 short sword
              (4 damage)
             ... on level 2 of the Dungeon.
             The game lasted 00:01:30 (1126 turns).

Nedwor the Covered (Minotaur Fighter)               Turns: 1126, Time: 00:01:31

Health: 0/33       AC:  7    Str: 22    XL:     3   Next: 8%
Magic:  2/2        EV:  9    Int:  5    God:
Gold:   30         SH:  4    Dex:  9    Spells: 2/2 levels left

rFire   . . .      SeeInvis .   a - +0 flail
rCold   . . .      Faith    .   c - +0 buckler
rNeg    . . .      Spirit   .   b - +0 scale mail
rPois   +          Reflect  .   (helmet restricted)
rElec   .          Harm     .   (no cloak)
rCorr   .          Rampage  .   (no gloves)
Will    .....                   (no boots)
Stlth   ..........              (no amulet)
HPRegen 0.11/turn               g - ring of poison resistance
MPRegen 0.08/turn               (no ring)

@: mighty
A: horns 2, retaliatory headbutt
a: no special abilities


You were on level 2 of the Dungeon.
You visited 1 branch of the dungeon, and saw 2 of its levels.

You collected 30 gold pieces.

Inventory:

Hand Weapons
 a - a +0 flail (weapon)
Armour
 b - a +0 scale mail (worn)
 c - a +0 buckler (worn)
 j - a scarf of shadows
Jewellery
 g - a ring of poison resistance (left hand)
Scrolls
 e - a scroll of fear {unknown}
 f - a scroll of enchant weapon {unknown}
 i - 2 scrolls of identify {unknown}
 l - a scroll of poison {unknown}
Potions
 h - a potion of flight {unknown}
 k - a potion of brilliance {unknown}


   Skills:
 + Level 4.0 Fighting
 * Level 3.2 Maces & Flails
 + Level 4.0 Armour
 + Level 4.0 Shields


You had 2 spell levels left.
You didn't know any spells.
Your spell library contained the following spells:

 Spells                   Type           Power      Damage    Failure   Level
 Beastly Appendage        Tmut           0%         N/A       87%         1
 Sublimation of Blood     Necr           0%         N/A       95%         2
 Wereblood                Tmut           0%         N/A       95%         2
 Spider Form              Tmut/Pois      0%         N/A       99%         3
 Summon Hydra             Summ           0%         N/A       100%        7


Dungeon Overview and Level Annotations

Branches:
Dungeon (2/15)

Altars:

Annotations:
D:2 Robin


Innate Abilities, Weirdness & Mutations

You have a pair of horns on your head.
You reflexively headbutt those who attack you in melee.


Message History

The goblin dies!
A hobgoblin and a goblin come into view.
The goblin closely misses you. You furiously retaliate!
You headbutt the goblin!
You kill the goblin!
Robin throws the goblin at you! The goblin hits you but does no damage.
A goblin comes into view. It is wielding a +0 club.
The goblin unwields a +0 hunting sling.
The goblin wields a +0 club.
You block the goblin's attack.
The hobgoblin moves out of view.
Items here: $ ) ††.
The goblin attacks as you move away! The goblin hits you with a +0 dagger.
Robin closely misses you.
A hobgoblin comes into view.
You block the worm's attack.
The hobgoblin shouts!
You sock the worm!
The worm is severely wounded.
The hobgoblin no longer looks unusually strong.
Robin closely misses you. The goblin hits you with a +0 dagger.
The goblin hits you with a +0 club.
* * * LOW HITPOINT WARNING * * *
The worm bites you.
* * * LOW HITPOINT WARNING * * *
You barely miss the worm.
The worm is heavily wounded.
The goblin no longer looks unusually strong. x2
The hobgoblin no longer looks unusually strong.
You block Robin's attack.
A goblin comes into view. It is wielding a +0 dagger.
The goblin barely misses you. You furiously retaliate!
You headbutt the goblin!
You kill the goblin!
The goblin misses you.
Robin roars a battlecry!
The goblins go into a battle-frenzy!
You sock the worm!
You kill the worm!
The goblin hits you with a +0 club.
* * * LOW HITPOINT WARNING * * *
Robin hits you with a +0 short sword.
You die...

##########
##.........
##..........
######...........
#.).)@g..........
......!.g#gg.........
.#########g.)....?...
#..g........
#...........
#..#..g...)..
#.#####.##### ... .#
..## .#


You could see Robin, 2 hobgoblins and 4 goblins.

Vanquished Creatures
  A worm (D:2)
  2 dart slugs (D:1)
  4 ball pythons (D:1)
  2 bats (D:1)
  An endoplasm (D:1)
  A giant cockroach (D:1)
  5 goblins
  2 hobgoblins
  A kobold (D:1)
  2 quokkas
  3 rats (D:1)
24 creatures vanquished.

Vanquished Creatures (others)
  A goblin (D:2)
  A plant (D:1)
2 creatures vanquished.

Grand Total: 26 creatures vanquished

Notes
Turn   | Place    | Note
-------+----------+-------------------------------------------
     0 | D:1      | Nedwor the Minotaur Fighter began the quest for the Orb.
     0 | D:1      | Reached XP level 1. HP: 19/19 MP: 0/0
   328 | D:1      | Reached XP level 2. HP: 27/27 MP: 1/1
   397 | D:1      | Found a faded altar of an unknown god.
  1105 | D:2      | Noticed Robin
  1121 | D:2      | Reached XP level 3. HP: 12/33 MP: 2/2
  1126 | D:2      | Slain by Robin

Illustrated notes

Levels and vault maps discovered:
D:1:      psy_arrival_radial02, layout_loops_ring,
          shapermc_ecumenical_altar_mp_ritualfount, hangedman_decor_peaks_small
D:2:      kennysheep_big_flooded_room, layout_rooms, kennysheep_nondescript,
          uniq_robin

Skill      XL: |  1  2 |
---------------+-------+-----
Maces & Flails | 3 |  3.2
Fighting       | 4 |  4.0
Armour         | 4 |  4.0
Shields        | 4 |  4.0

Action                   || total
-------------------------++-------
Melee: Flail             ||    54
       Headbutt          ||     8
  Use: Potion            ||     1
Armor: Scale mail        ||    33
Dodge: Dodged            ||    28
Block: Buckler           ||    21

Table legend: (Time is in decaauts)
 A = Elapsed time spent in this place.
 B = Non-inter-level travel time spent in this place.
 C = Inter-level travel time spent in this place.
 D = Time resting spent in this place.
 E = Time spent auto-exploring this place.
 F = Levels seen in this place.
 G = Mean time per level.
                   A        B        C        D        E       F      G
               +--------+--------+--------+--------+--------+-----+--------+
         Total |   1140 |   1076 |     64 |      0 |    931 |   2 |  570.0 |
       Dungeon |   1140 |   1076 |     64 |      0 |    931 |   2 |  570.0 |
               +--------+--------+--------+--------+--------+-----+--------+

Top non-repeatable levels by time:
     D:1: 1116 daAuts
     D:2: 23 daAuts
